Map: Bridgehead LE (Void)

Players

SticklerMac - Winner!

  • Race: Zerg Zerg
  • League: Bronze

Hawk

  • Race: Protoss Protoss
  • League: Bronze

VOD

Have the link to the VOD?

Description

Time

  • Played on: Aug. 12, 2015, 10:59 a.m.
  • Length: 13:30
Show
View Real Time Build Order
Export as new Build Order

SticklerMac Zerg - Winner!

Build Orders: Hatch First 

Get SALT Encoding   

  12  0:01  Drone  
  13  0:12  Overlord  
  13  0:18  Drone  
  14  0:30  Drone  
  14  0:31  Drone  
  14  0:34  Drone  
  17  0:55  Hatchery  
  16  0:58  Drone  
  16  1:01  Drone  
  18  1:08  Drone  
  19  1:19  Extractor  
  19  1:22  Spawning Pool  
  17  1:25  Drone  
  17  1:28  Drone  
  19  1:38  Drone  
  20  1:49  Drone  
  21  2:01  Drone  
  22  2:09  Queen x2  
  22  2:11  Overlord  
  22  2:13  Drone  
  27  2:27  Drone x2  
  27  2:29  Drone  
  29  2:35  Drone  
  30  2:39  Drone, Extractor  
  30  2:43  Drone  
  32  2:53  Lair  
  32  2:55  Queen  
  32  2:56  Drone x2  
  36  3:07  Overlord x2  
  37  3:27  Drone x4  
  37  3:28  Drone x2  
  37  3:31  Drone x2  
  37  3:33  Hatchery, Drone  
  44  3:39  Drone x3  
  47  3:46  Drone  
  48  3:49  Drone, Extractor  
  48  3:53  Spire  
  48  3:55  Drone  
  48  3:59  Queen  
  50  4:09  Drone, Extractor  
  50  4:10  Drone x3, Extractor  
  52  4:29  Overlord x3  
  52  4:30  Overlord x2  
  49  4:53  Drone x2  
  49  4:55  Drone x5  
  49  4:56  Drone x4  
  60  5:00  Drone  
  60  5:01  Drone  
  62  5:10  Mutalisk x2  
  62  5:11  Mutalisk x2  
  70  5:15  Mutalisk  
  70  5:16  Mutalisk  
  70  5:17  Mutalisk  
  76  5:25  Queen  
  78  5:28  Spore Crawler x2  
  78  5:32  Drone x5  
  78  5:34  Drone  
  83  5:35  Drone  
  83  5:41  Mutalisk x2  
  87  5:46  Drone  
  87  5:47  Drone  
  89  5:50  Extractor  
  89  5:51  Drone x2, Extractor  
  89  6:10  Mutalisk x2  
  89  6:11  Mutalisk  
  93  6:16  Drone x2  
  93  6:18  Overlord x3, Drone  
  98  6:19  Overlord x2  
  98  6:32  Hatchery  
  97  6:37  Mutalisk x3  
  103  6:47  Mutalisk  
  103  6:49  Mutalisk  
  107  7:00  Drone x2  
  109  7:03  Mutalisk  
  109  7:05  Mutalisk  
  113  7:20  Zerg Flyer Armor Level 1  
  113  7:21  Mutalisk  
  115  7:25  Zergling x28  
  115  7:26  Zergling x4  
  115  7:28  Metabolic Boost  
  131  7:43  Mutalisk x2  
  118  7:54  Overseer  
  105  8:00  Overseer  
  87  8:27  Queen  
  87  8:29  Drone x2  
  89  8:43  Overlord  
  89  8:45  Drone x4  
  89  8:46  Drone x7  
  100  8:58  Queen  
  100  8:59  Spore Crawler, Queen  
  100  9:01  Queen  
  105  9:04  Spore Crawler  
  105  9:07  Spore Crawler, Queen  
  105  9:08  Mutalisk  
  105  9:09  Mutalisk x6  
  117  9:27  Mutalisk  
  117  9:39  Queen  
  117  9:41  Queen  
  117  9:42  Queen  
  117  9:43  Queen  
  125  9:54  Mutalisk x2  
  129  10:06  Zergling x2  
  130  10:07  Zergling x32  
  146  10:19  Mutalisk  
  147  10:22  Zergling x2  
  147  10:23  Zergling x6  
  147  10:25  Zergling x2  
  150  10:40  Overlord x6  
  150  10:41  Overlord x3  
  141  11:05  Mutalisk  
  141  11:06  Mutalisk x2  
  141  11:12  Mutalisk  
  141  11:18  Zergling x12  
  144  11:19  Zergling x8  
  139  11:31  Mutalisk  
  139  11:33  Zergling x6  
  141  12:05  Mutalisk  
  141  12:06  Mutalisk  
  141  12:07  Zergling x2  
  141  12:08  Zergling x18  
  153  12:29  Mutalisk  
  153  12:32  Mutalisk  
  153  12:36  Zergling x4  
  153  12:37  Zergling x8  
  146  12:46  Zergling x6  
  146  12:47  Zergling x2  
  139  12:55  Zergling x8  
  138  13:01  Drone x2  
  138  13:05  Zergling x4  
Show
View Real Time Build Order
Export as new Build Order

Hawk Protoss 

Build Orders: Oracle Opening 

Get SALT Encoding   

  12  0:00  Probe  
  13  0:20  Pylon  
  13  0:24  Probe  
  14  0:38  Probe (Chrono Boost)  
  15  0:48  Probe (Chrono Boost)  
  16  0:52  Assimilator  
  16  0:56  Gateway  
  16  0:58  Probe  
  17  1:16  Probe (Chrono Boost)  
  18  1:24  Pylon  
  19  1:26  Probe (Chrono Boost)  
  19  1:33  Probe  
  19  1:36  Assimilator  
  20  1:45  Cybernetics Core, Probe  
  21  2:02  Nexus  
  21  2:15  Probe  
  22  2:27  Probe  
  23  2:35  Warp Gate (Chrono Boost)  
  23  2:40  Stargate  
  23  2:43  Mothership Core  
  25  2:48  Pylon  
  25  2:59  Pylon  
  25  3:07  Probe  
  26  3:19  Probe (Chrono Boost)  
  27  3:22  Gateway  
  27  3:24  Gateway, Oracle (Chrono Boost)  
  30  3:29  Probe (Chrono Boost)  
  32  3:37  Probe (Chrono Boost)  
  32  3:40  Probe (Chrono Boost)  
  33  3:43  Twilight Council  
  33  3:47  Gateway  
  33  3:49  Probe  
  33  3:52  Probe  
  35  4:02  Probe  
  36  4:05  Probe  
  37  4:14  Probe  
  39  4:17  Probe  
  39  4:21  Blink (Chrono Boost)  
  39  4:25  Assimilator  
  39  4:26  Probe  
  39  4:27  Assimilator  
  39  4:29  Probe  
  41  4:38  Probe  
  39  4:41  Probe  
  40  4:50  Probe  
  41  4:53  Probe  
  42  5:00  Pylon  
  42  5:03  Pylon  
  42  5:07  Pylon  
  42  5:10  Gateway  
  42  5:13  Gateway  
  42  5:16  Gateway  
  42  5:19  Pylon  
  42  5:29  Robotics Facility  
  42  5:32  Dark Shrine  
  42  5:36  Probe x2  
  44  5:45  Pylon  
  44  5:48  Probe  
  44  5:49  Pylon  
  45  5:53  Probe  
  45  5:54  Forge  
  45  5:56  Forge  
  46  5:59  Forge  
  46  6:00  Probe  
  47  6:05  Probe  
  47  6:08  Charge (Chrono Boost)  
  48  6:16  Warp Prism (Chrono Boost)  
  50  6:25  Pylon  
  50  6:30  Protoss Ground Weapons Level 1 (Chrono Boost)  
  50  6:31  Protoss Shields Level 1 (Chrono Boost)  
  50  6:32  Pylon  
  50  6:37  Pylon  
  50  7:27  Stalker x3  
  50  7:29  Dark Templar x4  
  58  8:10  Stalker x2  
  58  8:11  Stalker x2  
  58  8:12  Stalker x2  
  66  8:13  Stalker  
  68  8:21  Pylon  
  68  8:24  Photon Cannon  
  68  8:25  Photon Cannon  
  66  8:29  Photon Cannon  
  66  8:31  Photon Cannon  
  66  8:34  Photon Cannon  
  66  8:40  Photon Cannon  
  66  8:43  Photon Cannon  
  66  8:46  Photon Cannon  
  64  8:49  Photon Cannon  
  64  8:52  Photon Cannon  
  64  8:56  Photon Cannon  
  64  9:01  Photon Cannon  
  64  9:04  Photon Cannon  
  64  9:08  Photon Cannon  
  61  9:47  Stalker  
  63  9:52  Nexus  
  63  9:55  Pylon  
  63  9:58  Pylon  
  63  10:01  Stalker x3  
  63  10:02  Stalker  
  63  10:03  Stalker  
  63  10:04  Stalker  
  75  10:11  Protoss Ground Weapons Level 2  
  75  10:13  Protoss Shields Level 2  
  75  10:20  Photon Cannon  
  59  10:43  Stalker x4  
  59  10:44  Stalker x3  
  54  11:11  Stalker  
  54  11:12  Stalker x3  
  54  11:13  Stalker x3  
  37  11:36  Stalker x4  
  37  11:37  Stalker x2  
  37  11:39  Mothership Core  
  47  12:10  Cybernetics Core  
  47  12:12  Photon Cannon  
  47  12:13  Photon Cannon  
  47  12:18  Photon Cannon  
  47  12:20  Photon Cannon  
Tags
 
Add a new tag
Caveats
  • Supply blocks, unpowered buildings, or Contaminate may cause inaccurate times.
  • Supply counts are checked every 10 seconds.